[ AOE2 MATCH · #479782847 ]
UnrankedFranks vs Georgians
[ REPLAY ANALYSIS · EXTRACTED FROM THE RECORDED GAME ]
Feudal
10:10
Castle
—
Imperial
—
| APM avg | 28.9 |
| APM peak | 59 |
| eAPM avg | 14.3 |
| Villagers / military | 41 / 0 |
Focus
⚔️ 17.2% · 🌾 82.8%
Unknown (7346) ×5
Feudal
10:40
Castle
14:29
Imperial
—
| APM avg | 21.8 |
| APM peak | 66 |
| eAPM avg | 13.0 |
| Villagers / military | 56 / 1 |
Focus
⚔️ 11.9% · 🌾 88.1%
Fishing Ship ×17 · Monk ×1
Feudal
10:43
Castle
20:33
Imperial
—
| APM avg | 51.8 |
| APM peak | 95 |
| eAPM avg | 23.8 |
| Villagers / military | 46 / 1 |
Focus
⚔️ 14.4% · 🌾 85.6%
Monk ×1
Feudal
13:34
Castle
—
Imperial
—
| APM avg | 11.8 |
| APM peak | 27 |
| eAPM avg | 7.8 |
| Villagers / military | 57 / 0 |
Focus
⚔️ 14.5% · 🌾 85.5%
Feudal
—
Castle
—
Imperial
—
| APM avg | 574.9 |
| APM peak | 865 |
| eAPM avg | 574.9 |
| Villagers / military | 0 / 10 |
Focus
⚔️ 65.6% · 🌾 34.4%
Archer ×5 · Spearman ×5
Feudal
—
Castle
—
Imperial
—
| APM avg | 643.9 |
| APM peak | 813 |
| eAPM avg | 643.9 |
| Villagers / military | 0 / 1 |
Focus
⚔️ 44.4% · 🌾 55.6%
Battering Ram ×1
Feudal
—
Castle
—
Imperial
—
| APM avg | 625.4 |
| APM peak | 812 |
| eAPM avg | 625.1 |
| Villagers / military | 0 / 8 |
Focus
⚔️ 56.0% · 🌾 44.0%
Battering Ram ×5 · Knight ×2 · Monk ×1
Feudal
—
Castle
—
Imperial
—
| APM avg | 1188.8 |
| APM peak | 5421 |
| eAPM avg | 1188.6 |
| Villagers / military | 0 / 5 |
Focus
⚔️ 68.8% · 🌾 31.2%
Archer ×4 · Skirmisher ×1
Match map
Initial resources + every placement click. Lines = walls · curves = elevation contours. ◆ gold · ⬟ stone · ● berries · ✦ relic · ◌ wall gap
Your base· Open — unwalled flank
Glory's base· Open — unwalled flank
W's base· Open — 6t gap
Mandarin's base· Open — unwalled flank
's base· Open — opponent sealed themselves in
's base· Open — opponent sealed themselves in
's base· Open — opponent sealed themselves in
's base· Open — 5t gap
Smoothed initial terrain · ◌ = detected wall gap · hover for details
Inputs per minute
— Alex99 - - Glory
Build order — Alex99
92 actions detected in the replay
| 0:02 | Create | Villager (Male) |
| 0:02 | Create | Villager (Male) |
| 0:02 | Create | Villager (Male) |
| 0:02 | Create | Villager (Male) |
| 0:04 | Build | House |
| 0:06 | Build | House |
| 1:10 | Build | Building 7341 |
| 1:26 | Create | Villager (Male) |
| 1:52 | Research | Tech 4130 |
| 2:04 | Create | Villager (Male) |
| 2:29 | Create | Villager (Male) |
| 2:35 | Create | Unit 7346 |
| 2:57 | Create | Villager (Male) |
| 3:16 | Create | Villager (Male) |
| 3:23 | Build | House |
| 3:35 | Create | Unit 7346 |
| 3:36 | Create | Villager (Male) |
| 4:05 | Create | Villager (Male) |
| 4:21 | Build | Mill |
| 4:23 | Create | Villager (Male) |
| 4:23 | Create | Villager (Male) |
| 4:52 | Create | Villager (Male) |
| 5:16 | Create | Villager (Male) |
| 5:31 | Create | Villager (Male) |
| 5:39 | Build | House |
| 5:41 | Research | Loom |
| 5:43 | Create | Villager (Male) |
| 5:58 | Create | Villager (Male) |
| 6:13 | Create | Unit 7346 |
| 6:22 | Build | Lumber Camp |
| 6:47 | Create | Villager (Male) |
| 7:27 | Create | Villager (Male) |
| 7:30 | Create | Unit 7346 |
| 8:20 | Research | Feudal Age |
| 9:08 | Build | Mining Camp |
| 9:33 | Create | Villager (Male) |
| 9:41 | Build | Palisade Wall |
| 10:10 | Age | Feudal Age |
| 10:24 | Build | Watch Tower |
| 10:50 | Build | Stone Wall |
| 11:04 | Create | Villager (Male) |
| 11:06 | Create | Villager (Male) |
| 11:13 | Build | House |
| 11:17 | Build | House |
| 11:21 | Build | House |
| 12:22 | Build | Watch Tower |
| 12:23 | Create | Villager (Male) |
| 12:35 | Build | Mill |
| 12:50 | Build | Stone Wall |
| 12:53 | Build | Stone Wall |
| 13:00 | Create | Villager (Male) |
| 13:10 | Create | Villager (Male) |
| 13:44 | Build | Watch Tower |
| 13:58 | Create | Villager (Male) |
| 14:02 | Build | Mining Camp |
| 14:04 | Create | Villager (Male) |
| 14:34 | Create | Unit 7346 |
| 14:39 | Create | Villager (Male) |
| 14:41 | Build | Farm |
| 14:44 | Research | Double-Bit Axe |
| 14:46 | Create | Villager (Male) |
| 15:00 | Build | Watch Tower |
| 15:19 | Create | Villager (Male) |
| 15:28 | Build | Blacksmith |
| 15:30 | Create | Villager (Male) |
| 15:46 | Build | Stone Wall |
| 15:49 | Build | Stone Wall |
| 16:08 | Build | Farm |
| 16:09 | Create | Villager (Male) |
| 16:32 | Build | Farm |
| 16:33 | Create | Villager (Male) |
| 16:53 | Build | Stone Wall |
| 17:21 | Create | Villager (Male) |
| 17:46 | Build | Watch Tower |
| 17:52 | Build | Stone Wall |
| 17:53 | Create | Villager (Male) |
| 18:26 | Build | Stone Wall |
| 18:32 | Build | Farm |
| 18:36 | Create | Villager (Male) |
| 18:52 | Build | Farm |
| 18:54 | Build | Farm |
| 18:55 | Build | Farm |
| 18:57 | Build | Farm |
| 19:25 | Create | Villager (Male) |
| 19:26 | Create | Villager (Male) |
| 20:22 | Create | Villager (Male) |
| 20:23 | Create | Villager (Male) |
| 20:30 | Build | Market |
| 20:40 | Build | Dock |
| 20:49 | Build | Farm |
| 21:34 | Build | Farm |
| 21:38 | Build | Farm |
Build order — Glory
First 150 of 157 actions detected
| 0:05 | Create | Villager (Male) |
| 0:05 | Create | Villager (Male) |
| 0:06 | Create | Villager (Male) |
| 0:06 | Create | Villager (Male) |
| 0:07 | Build | House |
| 0:10 | Build | House |
| 1:43 | Create | Villager (Male) |
| 1:44 | Create | Villager (Male) |
| 1:44 | Create | Villager (Male) |
| 2:01 | Create | Villager (Male) |
| 2:02 | Create | Villager (Male) |
| 2:02 | Create | Villager (Male) |
| 2:03 | Research | Loom |
| 2:42 | Create | Villager (Male) |
| 2:43 | Create | Villager (Male) |
| 2:52 | Build | Lumber Camp |
| 3:15 | Build | Building 7341 |
| 3:20 | Create | Villager (Male) |
| 3:20 | Create | Villager (Male) |
| 3:20 | Create | Villager (Male) |
| 3:58 | Research | Tech 4136 |
| 3:58 | Research | Tech 4136 |
| 4:01 | Create | Villager (Male) |
| 4:01 | Create | Villager (Male) |
| 4:01 | Create | Villager (Male) |
| 4:22 | Build | House |
| 4:38 | Create | Villager (Male) |
| 4:39 | Create | Villager (Male) |
| 4:50 | Create | Villager (Male) |
| 4:50 | Create | Villager (Male) |
| 4:50 | Create | Villager (Male) |
| 5:35 | Create | Villager (Male) |
| 5:35 | Create | Villager (Male) |
| 5:36 | Create | Villager (Male) |
| 5:36 | Create | Villager (Male) |
| 5:36 | Create | Villager (Male) |
| 5:49 | Build | Dock |
| 6:23 | Create | Villager (Male) |
| 6:27 | Build | House |
| 6:52 | Create | Fishing Ship |
| 7:20 | Create | Villager (Male) |
| 7:42 | Create | Villager (Male) |
| 7:43 | Create | Fishing Ship |
| 7:45 | Create | Fishing Ship |
| 8:02 | Build | House |
| 8:07 | Build | Mining Camp |
| 8:10 | Create | Villager (Male) |
| 8:39 | Research | Feudal Age |
| 8:56 | Research | Tech 4130 |
| 9:04 | Build | Mill |
| 9:25 | Create | Villager (Male) |
| 9:26 | Create | Villager (Male) |
| 9:35 | Build | House |
| 10:40 | Age | Feudal Age |
| 10:43 | Create | Villager (Male) |
| 10:50 | Build | Market |
| 11:55 | Research | Tech 906 |
| 12:09 | Research | Castle Age |
| 12:09 | Research | Castle Age |
| 12:41 | Build | Mining Camp |
| 13:11 | Research | Tech 1014 |
| 13:15 | Research | Double-Bit Axe |
| 13:15 | Research | Double-Bit Axe |
| 13:15 | Research | Double-Bit Axe |
| 13:16 | Create | Villager (Male) |
| 13:24 | Build | Dock |
| 13:29 | Create | Villager (Male) |
| 14:08 | Build | Stone Wall |
| 14:29 | Age | Castle Age |
| 14:30 | Create | Fishing Ship |
| 14:32 | Research | Gillnets |
| 14:46 | Build | Town Center |
| 14:51 | Create | Villager (Male) |
| 15:13 | Create | Villager (Male) |
| 15:24 | Build | Fish Trap |
| 15:36 | Create | Villager (Male) |
| 15:53 | Create | Villager (Male) |
| 15:53 | Create | Villager (Male) |
| 16:08 | Research | Bow Saw |
| 16:08 | Research | Bow Saw |
| 16:08 | Research | Bow Saw |
| 16:10 | Create | Villager (Male) |
| 16:10 | Create | Villager (Male) |
| 16:10 | Create | Villager (Male) |
| 16:24 | Create | Fishing Ship |
| 16:36 | Create | Villager (Male) |
| 16:36 | Create | Villager (Male) |
| 16:43 | Build | Fish Trap |
| 16:49 | Build | House |
| 16:50 | Build | House |
| 16:51 | Build | House |
| 16:53 | Build | House |
| 17:21 | Build | Stone Wall |
| 17:25 | Create | Villager (Male) |
| 17:25 | Create | Villager (Male) |
| 17:30 | Build | Fish Trap |
| 17:32 | Build | Fish Trap |
| 17:46 | Research | Gillnets |
| 17:46 | Research | Gillnets |
| 18:01 | Create | Villager (Male) |
| 18:04 | Create | Villager (Male) |
| 18:19 | Build | Monastery |
| 18:27 | Create | Villager (Male) |
| 18:27 | Create | Villager (Male) |
| 18:30 | Create | Fishing Ship |
| 18:31 | Create | Fishing Ship |
| 18:42 | Build | Stone Wall |
| 18:55 | Build | University |
| 19:00 | Create | Monk |
| 19:05 | Create | Fishing Ship |
| 19:05 | Create | Fishing Ship |
| 19:13 | Build | Fish Trap |
| 19:17 | Build | House |
| 19:17 | Build | House |
| 19:18 | Build | House |
| 19:19 | Build | House |
| 19:20 | Build | House |
| 19:21 | Build | House |
| 19:21 | Build | House |
| 19:22 | Build | House |
| 19:23 | Build | House |
| 19:58 | Build | Stone Wall |
| 20:29 | Create | Villager (Male) |
| 20:29 | Create | Villager (Male) |
| 20:30 | Create | Villager (Male) |
| 20:31 | Research | Wheelbarrow |
| 20:32 | Create | Fishing Ship |
| 20:32 | Create | Fishing Ship |
| 20:33 | Create | Fishing Ship |
| 20:34 | Create | Fishing Ship |
| 20:37 | Build | Fish Trap |
| 20:50 | Build | Dock |
| 21:01 | Create | Fishing Ship |
| 21:01 | Create | Fishing Ship |
| 21:04 | Build | House |
| 21:05 | Build | House |
| 21:06 | Build | House |
| 21:06 | Build | House |
| 21:07 | Build | House |
| 21:07 | Build | House |
| 21:07 | Build | House |
| 21:09 | Build | House |
| 21:09 | Build | House |
| 21:09 | Build | House |
| 21:09 | Build | House |
| 21:10 | Build | House |
| 21:10 | Build | House |
| 21:10 | Build | House |
| 21:11 | Build | House |
| 21:21 | Build | Stone Wall |
Build order — W
95 actions detected in the replay
| 0:02 | Create | Villager (Male) |
| 0:03 | Create | Villager (Male) |
| 0:04 | Build | House |
| 0:06 | Build | House |
| 0:08 | Create | Villager (Male) |
| 0:26 | Create | Villager (Male) |
| 0:32 | Build | Building 7341 |
| 1:25 | Create | Villager (Male) |
| 1:56 | Create | Villager (Male) |
| 2:10 | Research | Tech 4136 |
| 2:30 | Create | Villager (Male) |
| 2:49 | Research | Loom |
| 3:02 | Create | Villager (Male) |
| 3:23 | Research | Loom |
| 3:48 | Create | Villager (Male) |
| 3:49 | Create | Villager (Male) |
| 3:52 | Build | House |
| 4:10 | Build | Lumber Camp |
| 4:34 | Create | Villager (Male) |
| 4:51 | Create | Villager (Male) |
| 4:59 | Create | Villager (Male) |
| 5:16 | Create | Villager (Male) |
| 5:41 | Build | House |
| 5:54 | Build | Palisade Wall |
| 5:58 | Build | Palisade Wall |
| 6:13 | Create | Villager (Male) |
| 6:15 | Create | Villager (Male) |
| 6:22 | Create | Villager (Male) |
| 7:06 | Build | Mill |
| 7:25 | Create | Villager (Male) |
| 8:00 | Create | Villager (Male) |
| 8:53 | Research | Feudal Age |
| 9:21 | Build | Palisade Wall |
| 9:23 | Build | Palisade Wall |
| 9:23 | Build | Palisade Wall |
| 9:27 | Create | Villager (Male) |
| 9:40 | Create | Villager (Male) |
| 10:40 | Build | House |
| 10:43 | Age | Feudal Age |
| 10:56 | Create | Villager (Male) |
| 11:12 | Create | Villager (Male) |
| 11:33 | Create | Villager (Male) |
| 11:39 | Build | Stone Wall |
| 11:40 | Build | Stone Wall |
| 11:52 | Research | Wheelbarrow |
| 12:11 | Build | Lumber Camp |
| 12:14 | Research | Double-Bit Axe |
| 12:15 | Research | Horse Collar |
| 12:16 | Create | Villager (Male) |
| 12:32 | Build | Mill |
| 12:44 | Create | Villager (Male) |
| 12:49 | Build | Stone Wall |
| 12:51 | Build | Stone Wall |
| 12:53 | Create | Villager (Male) |
| 12:53 | Create | Villager (Male) |
| 12:59 | Research | Tech 4129 |
| 13:22 | Build | House |
| 13:22 | Build | House |
| 13:23 | Build | House |
| 13:38 | Create | Villager (Male) |
| 13:44 | Create | Villager (Male) |
| 13:53 | Create | Villager (Male) |
| 14:09 | Create | Villager (Male) |
| 14:21 | Build | Mining Camp |
| 14:29 | Create | Villager (Male) |
| 14:38 | Create | Villager (Male) |
| 14:46 | Create | Villager (Male) |
| 15:04 | Build | Stone Wall |
| 15:14 | Create | Villager (Male) |
| 15:20 | Build | Mining Camp |
| 16:10 | Build | House |
| 16:21 | Create | Villager (Male) |
| 16:27 | Create | Villager (Male) |
| 16:42 | Build | Market |
| 16:55 | Build | House |
| 16:56 | Build | House |
| 17:45 | Build | Stone Wall |
| 17:46 | Build | Stone Wall |
| 18:01 | Research | Castle Age |
| 18:40 | Create | Villager (Male) |
| 19:13 | Build | Stone Wall |
| 19:36 | Create | Villager (Male) |
| 20:33 | Age | Castle Age |
| 20:35 | Build | Town Center |
| 20:36 | Build | Town Center |
| 20:42 | Create | Villager (Male) |
| 20:47 | Create | Villager (Male) |
| 20:54 | Research | Wheelbarrow |
| 20:56 | Build | Town Center |
| 21:05 | Build | Monastery |
| 21:06 | Create | Villager (Male) |
| 21:20 | Create | Villager (Male) |
| 21:51 | Create | Villager (Male) |
| 21:51 | Create | Villager (Male) |
| 21:53 | Create | Monk |
Build order — Mandarin
103 actions detected in the replay
| 0:07 | Build | House |
| 0:08 | Build | House |
| 0:09 | Build | House |
| 0:10 | Build | House |
| 0:12 | Research | Loom |
| 0:12 | Create | Villager (Male) ×4 |
| 0:13 | Create | Villager (Male) ×4 |
| 1:05 | Build | Palisade Wall |
| 1:11 | Build | Palisade Wall |
| 2:49 | Create | Villager (Male) |
| 2:50 | Create | Villager (Male) |
| 3:38 | Create | Villager (Male) |
| 3:38 | Create | Villager (Male) |
| 4:40 | Create | Villager (Male) |
| 4:40 | Create | Villager (Male) |
| 4:41 | Create | Villager (Male) |
| 4:41 | Create | Villager (Male) |
| 4:55 | Build | Palisade Wall |
| 4:58 | Build | Palisade Wall |
| 5:11 | Create | Villager (Male) |
| 5:12 | Create | Villager (Male) |
| 5:33 | Create | Villager (Male) |
| 5:34 | Create | Villager (Male) |
| 5:47 | Build | Mill |
| 6:22 | Create | Villager (Male) |
| 6:23 | Create | Villager (Male) |
| 7:34 | Create | Villager (Male) |
| 7:35 | Create | Villager (Male) |
| 7:35 | Create | Villager (Male) |
| 7:35 | Create | Villager (Male) |
| 7:58 | Create | Villager (Male) |
| 7:58 | Create | Villager (Male) |
| 7:58 | Create | Villager (Male) |
| 8:03 | Create | Villager (Male) |
| 9:11 | Create | Villager (Male) |
| 9:11 | Create | Villager (Male) |
| 9:26 | Create | Villager (Male) |
| 9:34 | Build | House |
| 9:35 | Build | House |
| 9:40 | Build | Mining Camp |
| 9:52 | Build | Palisade Wall |
| 9:57 | Build | Palisade Wall |
| 10:39 | Create | Villager (Male) |
| 10:39 | Create | Villager (Male) |
| 10:40 | Create | Villager (Male) |
| 10:40 | Create | Villager (Male) |
| 11:00 | Build | Mining Camp |
| 11:07 | Research | Feudal Age |
| 12:21 | Create | Villager (Male) |
| 12:21 | Create | Villager (Male) |
| 12:21 | Create | Villager (Male) |
| 12:23 | Create | Villager (Male) |
| 13:08 | Build | Lumber Camp |
| 13:34 | Age | Feudal Age |
| 13:43 | Build | Stone Wall |
| 13:45 | Build | Stone Wall |
| 13:59 | Build | Stone Wall |
| 14:03 | Build | Stone Wall |
| 14:30 | Create | Villager (Male) |
| 14:31 | Create | Villager (Male) |
| 14:35 | Research | Stone Mining |
| 14:36 | Research | Gold Mining |
| 16:13 | Build | Stone Wall |
| 16:16 | Build | Stone Wall |
| 16:47 | Build | Farm |
| 16:47 | Build | Farm |
| 16:48 | Build | Farm |
| 16:48 | Build | Farm |
| 16:48 | Build | Farm |
| 16:49 | Build | Farm |
| 16:52 | Create | Villager (Male) ×3 |
| 17:02 | Build | Farm |
| 17:02 | Build | Farm |
| 17:03 | Build | Farm |
| 17:41 | Build | Stone Wall |
| 17:43 | Build | Stone Wall |
| 17:56 | Create | Villager (Male) |
| 17:57 | Create | Villager (Male) |
| 18:19 | Create | Villager (Male) |
| 18:20 | Create | Villager (Male) |
| 18:42 | Build | Stone Wall |
| 18:47 | Build | Stone Wall |
| 18:49 | Build | Stone Wall |
| 18:58 | Build | Farm |
| 18:59 | Build | Farm |
| 19:00 | Build | Farm |
| 19:07 | Create | Villager (Male) |
| 19:07 | Create | Villager (Male) |
| 19:07 | Create | Villager (Male) |
| 19:20 | Build | Farm |
| 19:45 | Create | Villager (Male) |
| 19:54 | Build | Farm |
| 20:06 | Build | House |
| 20:07 | Build | House |
| 20:07 | Build | House |
| 20:10 | Build | House |
| 20:11 | Build | House |
| 20:14 | Create | Villager (Male) |
| 20:14 | Create | Villager (Male) |
| 20:44 | Create | Villager (Male) |
| 20:56 | Build | Farm |
| 21:22 | Build | Farm |
| 21:39 | Build | Farm |
Build order —
67 actions detected in the replay
| 0:00 | Build | House |
| 0:02 | Build | House |
| 1:41 | Research | Tech None |
| 1:41 | Build | Lumber Camp |
| 4:11 | Build | House |
| 5:00 | Build | Mill |
| 6:16 | Build | House |
| 7:14 | Build | Lumber Camp |
| 7:39 | Research | Tech None |
| 7:45 | Build | Mining Camp |
| 8:12 | Build | House |
| 9:02 | Build | Barracks |
| 9:47 | Research | Tech None |
| 10:18 | Build | Archery Range |
| 10:32 | Build | Farm |
| 11:01 | Build | House |
| 11:01 | Build | Farm |
| 11:38 | Build | Archery Range |
| 12:09 | Build | Blacksmith |
| 12:19 | Build | House |
| 12:27 | Build | House |
| 12:29 | Build | House |
| 12:32 | Build | House |
| 12:40 | Build | House |
| 13:22 | Build | Mill |
| 13:56 | Research | Tech None |
| 14:17 | Build | Farm |
| 14:19 | Build | Farm |
| 14:33 | Build | Farm |
| 14:47 | Build | Farm |
| 14:50 | Build | House |
| 14:54 | Build | House |
| 15:13 | Build | Farm |
| 15:16 | Create | Archer |
| 15:17 | Create | Archer |
| 15:35 | Build | Farm |
| 15:58 | Build | Farm |
| 16:04 | Research | Tech None |
| 16:07 | Create | Archer |
| 16:31 | Create | Archer |
| 16:54 | Build | Farm |
| 16:58 | Create | Archer |
| 17:06 | Build | House |
| 17:07 | Build | House |
| 17:15 | Create | Spearman |
| 17:19 | Research | Tech None |
| 17:19 | Build | Farm |
| 17:21 | Build | Farm |
| 17:30 | Build | Farm |
| 17:40 | Create | Spearman |
| 18:02 | Create | Spearman |
| 18:14 | Research | Tech None |
| 18:39 | Build | Lumber Camp |
| 19:03 | Build | Market |
| 19:19 | Build | Farm |
| 19:29 | Build | Farm |
| 19:52 | Research | Tech None |
| 19:56 | Build | Farm |
| 20:01 | Build | Farm |
| 20:15 | Build | Farm |
| 20:41 | Research | Tech None |
| 21:16 | Create | Spearman |
| 21:17 | Research | Tech None |
| 21:32 | Build | Archery Range |
| 21:39 | Create | Spearman |
| 22:04 | Build | Archery Range |
| 22:06 | Build | House |
Build order —
106 actions detected in the replay
| 0:00 | Build | House |
| 0:02 | Build | House |
| 1:15 | Build | Building 7341 |
| 1:41 | Build | Lumber Camp |
| 2:31 | Research | Tech None |
| 2:31 | Research | Tech None |
| 2:33 | Research | Tech None |
| 2:42 | Research | Tech None |
| 2:52 | Research | Tech None |
| 3:13 | Build | House |
| 5:00 | Build | Mill |
| 5:08 | Build | House |
| 5:48 | Research | Tech None |
| 6:04 | Research | Tech None |
| 6:04 | Build | Mining Camp |
| 7:00 | Build | Lumber Camp |
| 7:32 | Build | Barracks |
| 7:50 | Research | Tech None |
| 7:50 | Research | Tech None |
| 7:57 | Build | House |
| 8:09 | Build | Farm |
| 8:20 | Research | Tech None |
| 8:25 | Research | Tech None |
| 8:25 | Build | Archery Range |
| 8:28 | Build | Farm |
| 8:53 | Build | Farm |
| 9:00 | Build | Farm |
| 9:08 | Build | House |
| 9:12 | Build | House |
| 9:21 | Build | House |
| 9:56 | Build | House |
| 10:30 | Build | Archery Range |
| 10:31 | Build | House |
| 10:33 | Build | House |
| 10:38 | Research | Tech None |
| 10:47 | Build | Blacksmith |
| 10:58 | Build | Farm |
| 11:17 | Build | Farm |
| 11:25 | Build | Farm |
| 11:31 | Research | Tech None |
| 11:42 | Build | Farm |
| 11:48 | Research | Tech None |
| 11:54 | Build | Farm |
| 12:04 | Build | Farm |
| 12:24 | Build | Lumber Camp |
| 12:29 | Build | House |
| 12:31 | Build | House |
| 12:47 | Build | Farm |
| 12:57 | Build | Farm |
| 13:07 | Build | Farm |
| 13:32 | Build | Mill |
| 14:08 | Research | Tech None |
| 14:08 | Build | Archery Range |
| 14:09 | Research | Tech None |
| 14:40 | Research | Tech None |
| 16:14 | Research | Tech None |
| 16:14 | Research | Tech None |
| 16:14 | Research | Tech None |
| 16:14 | Research | Tech None |
| 16:14 | Research | Tech None |
| 16:14 | Build | Siege Workshop |
| 16:15 | Research | Tech None |
| 16:15 | Build | Siege Workshop |
| 16:16 | Build | Town Center |
| 16:17 | Build | Castle |
| 16:17 | Build | Mining Camp |
| 16:29 | Research | Tech None |
| 16:29 | Build | House |
| 16:30 | Build | House |
| 16:30 | Research | Tech None |
| 16:42 | Build | Farm |
| 16:45 | Research | Tech None |
| 16:51 | Research | Tech None |
| 17:06 | Build | Farm |
| 17:24 | Research | Tech None |
| 17:44 | Create | Battering Ram |
| 17:44 | Build | Town Center |
| 18:04 | Build | Town Center |
| 18:14 | Build | Farm |
| 18:25 | Research | Tech None |
| 18:33 | Build | Farm |
| 18:41 | Build | Farm |
| 18:50 | Build | Farm |
| 18:58 | Build | Farm |
| 19:02 | Build | Farm |
| 19:06 | Build | Farm |
| 19:26 | Build | University |
| 19:28 | Build | Farm |
| 19:48 | Build | Farm |
| 19:52 | Build | Monastery |
| 19:58 | Build | Mining Camp |
| 20:10 | Build | Farm |
| 20:22 | Build | Farm |
| 20:29 | Research | Tech None |
| 20:35 | Build | Farm |
| 20:38 | Research | Tech None |
| 20:51 | Build | Farm |
| 20:57 | Build | Market |
| 21:03 | Build | Farm |
| 21:15 | Build | Lumber Camp |
| 21:18 | Build | Farm |
| 21:33 | Build | Farm |
| 21:41 | Build | Archery Range |
| 21:46 | Build | Farm |
| 21:58 | Research | Tech None |
| 22:00 | Build | Farm |
Build order —
104 actions detected in the replay
| 0:00 | Build | House |
| 0:02 | Build | House |
| 1:16 | Build | Building 7341 |
| 1:42 | Build | Lumber Camp |
| 2:35 | Research | Tech None |
| 2:35 | Research | Tech None |
| 2:37 | Research | Tech None |
| 2:46 | Research | Tech None |
| 2:54 | Research | Tech None |
| 3:26 | Build | House |
| 3:47 | Build | Outpost |
| 4:19 | Build | Mill |
| 4:59 | Research | Tech None |
| 5:38 | Build | House |
| 5:58 | Build | Farm |
| 6:05 | Build | Farm |
| 6:57 | Build | Farm |
| 7:11 | Build | House |
| 7:29 | Research | Tech None |
| 7:53 | Build | Mining Camp |
| 9:03 | Build | Lumber Camp |
| 9:09 | Build | Barracks |
| 9:39 | Research | Tech None |
| 9:52 | Build | House |
| 10:05 | Research | Tech None |
| 10:05 | Build | Stable |
| 10:35 | Build | Blacksmith |
| 10:53 | Build | House |
| 11:30 | Research | Tech None |
| 11:41 | Research | Tech None |
| 11:54 | Research | Tech None |
| 12:00 | Build | Farm |
| 12:02 | Build | Farm |
| 12:03 | Build | Farm |
| 12:03 | Build | Farm |
| 12:16 | Research | Tech None |
| 12:17 | Build | Farm |
| 12:23 | Build | Farm |
| 12:32 | Build | Farm |
| 12:47 | Build | Farm |
| 12:52 | Build | Farm |
| 12:55 | Research | Tech None |
| 13:36 | Research | Tech None |
| 13:36 | Research | Tech None |
| 13:36 | Build | Siege Workshop |
| 13:37 | Build | Building 5354 |
| 13:38 | Research | Tech None |
| 13:45 | Create | Knight |
| 13:52 | Build | Town Center |
| 14:07 | Build | House |
| 14:10 | Build | House |
| 14:15 | Create | Knight |
| 14:17 | Build | Farm |
| 14:25 | Research | Tech None |
| 14:36 | Build | Farm |
| 14:54 | Research | Tech None |
| 15:03 | Research | Tech None |
| 15:15 | Build | Siege Workshop |
| 15:41 | Build | Farm |
| 15:46 | Create | Battering Ram |
| 16:54 | Build | Farm |
| 17:11 | Create | Battering Ram |
| 17:13 | Build | Farm |
| 17:14 | Build | Farm |
| 17:34 | Build | Town Center |
| 17:35 | Build | Farm |
| 17:35 | Build | Stable |
| 17:35 | Build | Farm |
| 17:38 | Build | Farm |
| 17:47 | Build | Farm |
| 18:01 | Build | Farm |
| 18:22 | Build | Farm |
| 18:27 | Build | Monastery |
| 18:37 | Build | Mining Camp |
| 18:51 | Create | Battering Ram |
| 19:04 | Build | Farm |
| 19:13 | Build | Mining Camp |
| 19:20 | Create | Monk |
| 19:21 | Build | Farm |
| 19:26 | Build | Farm |
| 19:40 | Build | House |
| 19:40 | Build | House |
| 19:44 | Create | Battering Ram |
| 19:52 | Build | Farm |
| 20:01 | Build | Farm |
| 20:06 | Research | Tech None |
| 20:07 | Build | Farm |
| 20:08 | Build | House |
| 20:12 | Build | House |
| 20:21 | Create | Battering Ram |
| 20:28 | Research | Tech None |
| 20:29 | Build | Farm |
| 20:42 | Build | Lumber Camp |
| 20:44 | Build | Farm |
| 20:49 | Build | Mill |
| 21:03 | Build | Farm |
| 21:13 | Build | Farm |
| 21:14 | Build | House |
| 21:14 | Build | House |
| 21:26 | Build | Market |
| 21:31 | Research | Tech None |
| 21:31 | Build | Farm |
| 21:44 | Build | Stable |
| 21:47 | Build | Farm |
Build order —
77 actions detected in the replay
| 0:00 | Build | House |
| 0:02 | Build | House |
| 3:46 | Build | House |
| 3:47 | Research | Tech None |
| 5:00 | Build | Mill |
| 5:01 | Build | Mule Cart |
| 5:10 | Build | Mill |
| 6:16 | Build | House |
| 7:58 | Build | Farm |
| 8:21 | Build | House |
| 8:35 | Build | Mule Cart |
| 8:53 | Research | Tech None |
| 9:24 | Build | Barracks |
| 10:44 | Build | Farm |
| 10:44 | Build | Farm |
| 10:44 | Build | Farm |
| 10:48 | Build | Farm |
| 10:53 | Research | Tech None |
| 10:58 | Build | Archery Range |
| 11:54 | Create | Archer |
| 12:07 | Build | Archery Range |
| 12:27 | Build | House |
| 12:28 | Build | House |
| 13:04 | Create | Archer |
| 13:10 | Create | Archer |
| 13:33 | Build | Blacksmith |
| 13:41 | Create | Archer |
| 15:12 | Build | Mule Cart |
| 15:43 | Build | Market |
| 16:00 | Build | Mill |
| 16:53 | Build | Farm |
| 16:54 | Build | Farm |
| 16:59 | Build | Farm |
| 17:19 | Build | Farm |
| 17:28 | Build | Farm |
| 19:04 | Build | House |
| 19:04 | Research | Tech None |
| 19:17 | Research | Tech None |
| 19:26 | Build | Mule Cart |
| 19:29 | Build | House |
| 19:32 | Build | House |
| 19:37 | Build | Farm |
| 19:53 | Build | Farm |
| 20:01 | Build | Mule Cart |
| 20:17 | Build | Farm |
| 20:45 | Build | Farm |
| 20:48 | Build | Farm |
| 20:49 | Build | Farm |
| 20:51 | Build | Farm |
| 20:52 | Build | Farm |
| 20:54 | Build | Farm |
| 21:00 | Build | Farm |
| 21:01 | Build | Farm |
| 21:03 | Build | Farm |
| 21:06 | Build | Farm |
| 21:07 | Build | Farm |
| 21:10 | Build | Farm |
| 21:12 | Build | Farm |
| 21:17 | Build | Farm |
| 21:18 | Build | Farm |
| 21:20 | Build | Farm |
| 21:20 | Build | Farm |
| 21:22 | Build | Farm |
| 21:23 | Build | Farm |
| 21:25 | Build | Farm |
| 21:28 | Build | Farm |
| 21:30 | Build | Farm |
| 21:31 | Build | Farm |
| 21:34 | Build | Farm |
| 21:35 | Build | Farm |
| 21:38 | Build | Farm |
| 21:39 | Build | Farm |
| 21:40 | Build | Farm |
| 21:41 | Build | Farm |
| 21:42 | Build | Farm |
| 21:54 | Create | Skirmisher |
| 22:04 | Build | Farm |
Match timeline
| 1:05 | Mandarin · wall_segment Palisade Wall x13 |
| 1:11 | Mandarin · wall_segment Palisade Wall x14 |
| 4:55 | Mandarin · wall_segment Palisade Wall x16 |
| 4:58 | Mandarin · wall_segment Palisade Wall x18 |
| 5:49 | Glory · first_building Dock |
| 5:54 | W · wall_segment Palisade Wall x12 |
| 5:58 | W · wall_segment Palisade Wall x2 |
| 7:32 | · first_building Barracks |
| 8:25 | · first_building Archery Range |
| 9:02 | · first_building Barracks |
| 9:09 | · first_building Barracks |
| 9:21 | W · wall_segment Palisade Wall x8 |
| 9:23 | W · wall_segment Palisade Wall x7 |
| 9:23 | W · wall_segment Palisade Wall x1 |
| 9:24 | · first_building Barracks |
| 9:41 | Alex99 · wall_segment Palisade Wall x8 |
| 9:52 | Mandarin · wall_segment Palisade Wall x16 |
| 9:57 | Mandarin · wall_segment Palisade Wall x16 |
| 10:05 | · first_building Stable |
| 10:10 | Alex99 · age_up feudal |
| 10:18 | · first_building Archery Range |
| 10:40 | Glory · age_up feudal |
| 10:43 | W · age_up feudal |
| 10:50 | Alex99 · wall_segment Stone Wall x8 |
| 10:58 | · first_building Archery Range |
| 11:39 | W · wall_segment Stone Wall x10 |
| 11:40 | W · wall_segment Stone Wall x6 |
| 12:49 | W · wall_segment Stone Wall x8 |
| 12:50 | Alex99 · wall_segment Stone Wall x1 |
| 12:51 | W · wall_segment Stone Wall x7 |
| 12:53 | Alex99 · wall_segment Stone Wall x10 |
| 13:34 | Mandarin · age_up feudal |
| 13:36 | · first_building Siege Workshop |
| 13:43 | Mandarin · wall_segment Stone Wall x19 |
| 13:45 | Mandarin · wall_segment Stone Wall x8 |
| 13:59 | Mandarin · wall_segment Stone Wall x10 |
| 14:03 | Mandarin · wall_segment Stone Wall x11 |
| 14:08 | Glory · wall_segment Stone Wall x12 |
| 14:29 | Glory · age_up castle |
| 15:04 | W · wall_segment Stone Wall x11 |
| 15:46 | Alex99 · wall_segment Stone Wall x1 |
| 15:49 | Alex99 · wall_segment Stone Wall x9 |
| 16:13 | Mandarin · wall_segment Stone Wall x5 |
| 16:14 | · first_building Siege Workshop |
| 16:16 | Mandarin · wall_segment Stone Wall x25 |
| 16:17 | · first_building Castle |
| 16:53 | Alex99 · wall_segment Stone Wall x8 |
| 17:21 | Glory · wall_segment Stone Wall x14 |
| 17:40 | Glory · first_market_buy 100 food |
| 17:41 | Mandarin · wall_segment Stone Wall x2 |
| 17:43 | Mandarin · wall_segment Stone Wall x1 |
| 17:45 | W · wall_segment Stone Wall x7 |
| 17:46 | W · wall_segment Stone Wall x5 |
| 17:52 | Alex99 · wall_segment Stone Wall x10 |
| 17:59 | W · first_market_buy 100 food |
| 18:00 | W · first_market_sell 100 wood |
| 18:19 | Glory · first_building Monastery |
| 18:26 | Alex99 · wall_segment Stone Wall x12 |
| 18:27 | · first_building Monastery |
| 18:42 | Glory · wall_segment Stone Wall x12 |
| 18:42 | Mandarin · wall_segment Stone Wall x1 |
| 18:47 | Mandarin · wall_segment Stone Wall x21 |
| 18:49 | Mandarin · wall_segment Stone Wall x4 |
| 19:00 | · first_market_buy 100 food |
| 19:00 | · first_market_sell 100 wood |
| 19:13 | W · wall_segment Stone Wall x7 |
| 19:52 | · first_building Monastery |
| 19:58 | Glory · wall_segment Stone Wall x15 |
| 20:05 | · first_market_buy 100 food |
| 20:33 | W · age_up castle |
| 20:38 | · first_market_sell 100 wood |
| 20:40 | Alex99 · first_building Dock |
| 21:05 | W · first_building Monastery |
| 21:21 | Glory · wall_segment Stone Wall x12 |
| 21:23 | Glory · wall_segment Stone Wall x13 |
| 21:29 | Glory · wall_segment Stone Wall x21 |
| 21:54 | Alex99 · resign |
| 21:56 | · first_market_buy 100 stone |
| 22:06 | · first_market_buy 100 stone |
[ AI ANALYSIS · 1 CREDIT ]
What really happened in this match?
Wolo.gg analyzes every decision: build order, eco, micro, common mistakes by bracket. Personalized analysis on WhatsApp or Discord in 30 seconds.
Civ guide
Franks
Map guide
Black Forest
Perfil
Jugador #2035932